 Dungeon Crawl Stone Soup version 0.28.0-45-g0d030f2227 (webtiles) character file.

Game seed: 10934258958339298393

8 McKennaii the Conjurer (level 2, 19/19 HPs)
             Began as a Demonspawn Conjurer on Apr 14, 2022.
             Quit the game on level 2 of the Dungeon.
             The game lasted 00:00:26 (1217 turns).

McKennaii the Conjurer (Demonspawn Conjurer)        Turns: 1217, Time: 00:00:27

Health: 19/19      AC:  2    Str:  7    XL:     2   Next: 0%
Magic:  3/5        EV: 12    Int: 19    God:
Gold:   32         SH:  0    Dex: 11    Spells: 4/5 levels left

rFire   . . .      SeeInvis .   (no weapon)
rCold   . . .      Faith    .   (no shield)
rNeg    . . .      Spirit   .   a - +0 robe
rPois   .          Reflect  .   (no helmet)
rElec   .          Harm     .   (no cloak)
rCorr   .          Rampage  .   (no gloves)
Will    .....                   (no boots)
Stlth   ++........              (no amulet)
HPRegen 0.06/turn               (no ring)
MPRegen 0.09/turn               (no ring)

@: no status effects
A: ignite blood 1
a: no special abilities


You were on level 2 of the Dungeon.
You visited 1 branch of the dungeon, and saw 2 of its levels.

You collected 32 gold pieces.

Inventory:

Armour
 a - a +0 robe (worn)
Scrolls
 b - a scroll of immolation {unknown}
 c - a scroll of identify {unknown}
Potions
 d - a potion of flight {unknown}


   Skills:
 - Level 1.7 Dodging
 - Level 1.7 Stealth
 + Level 2.0 Spellcasting
 + Level 4.4 Conjurations


You had 4 spell levels left.
You knew the following spells:

 Your Spells              Type           Power      Damage    Failure   Level
a - Magic Dart            Conj           72%        1d6       2%          1

Your spell library contained the following spells:

 Spells                   Type           Power      Damage    Failure   Level
 Searing Ray              Conj           36%        2d5       4%          2
 Dazzling Flash           Conj/Hex       20%        N/A       21%         3
 Fulminant Prism          Conj/Hex       5%         3d7       56%         4
 Iskenderun's Mystic Bla  Conj/Tloc      10%        2d4       56%         4


Dungeon Overview and Level Annotations

Branches:
Dungeon (2/15)

Altars:


Innate Abilities, Weirdness & Mutations

Your demonic aura sometimes causes spilled blood to erupt in flames.


Message History

You can't see any susceptible monsters within range! (Use Z to cast anyway.)
You can't see any susceptible monsters within range! (Use Z to cast anyway.)
(D) Dungeon
Where to? (? - help)
What level of the Dungeon? (default 1, ? - help)
You open the door.
There is an open door here.
There is an open door here.
You see here 9 bolts.
There is a stone staircase leading down here.
You climb downwards.
Found an escape hatch in the floor.
There is a stone staircase leading up here.
Found a stone staircase leading down.
There is an escape hatch in the floor here.
There is a stone staircase leading down here.
Found 16 stones.
Found a stone staircase leading down.
There is a stone staircase leading down here.
Found a dagger.
You can't see any susceptible monsters within range! (Use Z to cast anyway.)
You can't see any susceptible monsters within range! (Use Z to cast anyway.)
You open the door.
There is an open door here.
You open the door.
A goblin comes into view. It is wielding a +1 vampiric dagger.
Found 11 gold pieces.
The magic dart hits the goblin.
You kill the goblin!
You have reached level 2!
Your demonic ancestry asserts itself...
Your blood heats up.
Are you sure you want to abandon this character and quit the game? (Confirm with "yes".)
Okay, then.
Unknown command.
Unknown command.
Unknown command.
Unknown command.
Unknown command.
Are you sure you want to abandon this character and quit the game? (Confirm with "yes".)

#......# ##♣♣♣♣♣P≈P♣♣♣♣♣.####
###.##.#.# ##.≈.♣♣♣.≈ ♣P≈≈♣.....
.......#.# ##...≈.≈.≈.≈≈≈≈≈..###.
)##......###...≈♣♣♣P≈≈≈PP♣♣≈.###.
...........'...♣♣♣ ≈. ♣♣♣♣.....
.##.#...####.....♣♣ ♣...>####
.##......# ##.....♣♣ ♣#.#.#
.####.##.# ##.....♣ ###<#
.####.##.# ##.@.#♣ #.# ......##.#
##'## .#. ########.# #$# .# #.
#.# #.# .# ## #.# #.# #. ... .).
# ... ... ...


There were no monsters in sight!

Vanquished Creatures
  An endoplasm (D:1)
  2 goblins
  A hobgoblin (D:1)
  A kobold (D:1)
  A bat (D:1)
  2 rats (D:1)
8 creatures vanquished.

Notes
Turn   | Place    | Note
-------+----------+-------------------------------------------
     0 | D:1      | McKennaii the Demonspawn Conjurer began the quest for the
                  | Orb.
     0 | D:1      | Reached XP level 1. HP: 13/13 MP: 3/3
   335 | D:1      | Found a faded altar of an unknown god.
  1217 | D:2      | Gained mutation: Your demonic aura sometimes causes spilled
                  | blood to erupt in flames. [demonic ancestry]
  1217 | D:2      | Reached XP level 2. HP: 19/19 MP: 3/5
  1217 | D:2      | Quit the game

Illustrated notes

Levels and vault maps discovered:
D:1:      dpeg_arrival_three_same_balls, layout_loops_corners,
          shapermc_ecumenical_altar_notcrosses
D:2:      layout_loops_corners, serial_bayou_crossing

Action                   || total
-------------------------++-------
 Cast: Magic Dart        ||    14
Dodge: Dodged            ||     1
